[Event "Maharashtra Challenge Matches 2023"]
[Site "Nagpur"]
[Date "2023.06.05"]
[Round "6.1"]
[White "Svidler, Peter"]
[Black "Vidit, Santosh Gujrathi"]
[Result "0-1"]
[Annotator "TA"]
[ECO "A29"]
[WhiteElo "2683"]
[BlackElo "2731"]
[PlyCount "66"]
[EventDate "2023.06.03"]
[EventType "match"]
[EventCountry "IND"]
[SourceTitle "playchess.com"]
[Source "ChessBase"]
[SourceQuality "1"]
[TimeControl "180+2"]

1. c4 Nf6 2. Nc3 e5 3. Nf3 Nc6 4. g3 Bb4 5. Bg2 O-O 6. O-O e4 7. Ng5 Bxc3 8. bxc3 Re8 9. f3 exf3 10. Nxf3 d5 {[%emt 0:00:00] A29: English Opening: Four Knights Variation with 4 g3.} 11. d4 h6 {[%emt 0:00:00] Wards off Bg5} 12. Qc2 dxc4 {[%emt 0:00:00] The position is equal.} 13. Bf4 Bg4 14. Rae1 $1 Bh5 {[%emt 0:00:00] [#]} 15. Nh4 $146 {[%emt 0:00:00] Inhibits Bg6.} ({Predecessor:} 15. e4 Bg6 16. Nd2 Na5 17. Qa4 c5 18. e5 Nd7 19. Nxc4 Nxc4 20. Qxc4 cxd4 21. Bxb7 {1-0 Luis Vitalla,F (2086)-Palacios Latasa,E (2237) Aragon-chT Honor GrB 2017 (4.22)}) 15... g5 $1 16. Nf5 gxf4 17. Nxh6+ Kf8 (17... Kg7 $15 18. Nf5+ Kf8 19. Rxf4 Ne7 20. Nxe7 {[%mdl 64] Remove Defender} Qxe7) 18. Rxf4 $11 Bg6 {[%emt 0:00:00] Inhibits Qf5.} 19. Qd2 {[%emt 0:00:14] And now Ref1 would win.} Nd5 20. Bxd5 Qxd5 21. e4 Qd7 (21... Rxe4 $11 22. Rfxe4 Bxe4) 22. Ref1 $18 {[%emt 0:00:00] [#] Nxf7 is the strong threat.} Nd8 (22... Bxe4 $2 23. Rxf7+) 23. d5 $2 ({White must play} 23. Rh4 $18 Qc6 24. Qg5) 23... Rxe4 (23... Bxe4 $11 24. Rf5 (24. Qd4 $2 Qxd5 25. Qf6 Re6 $19) 24... Bxf5 25. Nxf5 Re6) 24. Rf6 $16 Ke8 {[%emt 0:00:59] Threatens to win with ...Qe7.} 25. Qg5 $36 {[%emt 0:00:02][%mdl 2048] aiming for Rxg6. White has the initiative.} Qe7 26. Rxg6 $1 fxg6 27. Qxg6+ Kd7 {[%emt 0:00:00] Strongly threatening ...Qc5+.} 28. Ng8 $1 {[%emt 0:00:00][%mdl 1024] White has compensation.} Qc5+ 29. Kh1 Re5 {[%emt 0:00:15][%mdl 8192] [#]} (29... Qxd5 $2 30. Nf6+ Kc6 31. Nxd5+ Re6 32. Qg7 $18) ({Better is} 29... Re3 $1 $14 30. Nf6+ Kc8 31. Qf5+ (31. Qg4+ Ne6 $17) 31... Ne6) 30. Qg7+ $1 $18 (30. Nf6+ Kc8 31. Qg4+ Ne6 32. dxe6 Qc6+ 33. Kg1 (33. Ne4 $2 b6 $19) 33... Qxe6 34. Qxe6+ (34. Qg7 $2 b5 $19) 34... Rxe6 $17) 30... Kd6 31. Qf6+ Ne6 32. dxe6 (32. Qe7+ $18 Kxd5 33. Qd7+ Qd6 34. Rd1+ Kc5 35. Rxd6) 32... Qd5+ $19 ({And not} 32... Rxg8 33. e7+ Kd7 34. Rd1+ Rd5 35. Qf5+ Kc6 36. Qe6+ Qd6 37. e8=Q+ Rxe8 38. Qxe8+ (38. Rxd5 {gets mated.} Qxe6 39. Rh5 Qe1+ 40. Kg2 Qe2+ 41. Kh3 Qxh5+ 42. Kg2 Re2+ 43. Kg1 Qxh2+ 44. Kf1 Qg2#) 38... Kb6 39. Qe3+ (39. Rb1+ Ka5 $17) 39... c5 40. Rxd5 Qxd5+ 41. Kg1 $11) 33. Kg1 Rxg8 {[%emt 0:00:00] A cool game by Vidit.   Weighted Error Value: White=0.29 (precise) /Black=0.55} 0-1

[Event "Maharashtra Challenge Matches 2023"]
[Site "Nagpur"]
[Date "2023.06.05"]
[Round "6.1"]
[White "Sadhwani, Raunak"]
[Black "Short, Nigel D"]
[Result "1-0"]
[Annotator "TA"]
[ECO "E17"]
[WhiteElo "2627"]
[BlackElo "2597"]
[PlyCount "87"]
[EventDate "2023.06.03"]
[EventType "match"]
[EventCountry "IND"]
[SourceTitle "playchess.com"]
[Source "ChessBase"]
[SourceQuality "1"]
[TimeControl "40/5400+30:1800+30"]

1. d4 Nf6 2. c4 e6 3. Nf3 b6 4. g3 Bb7 5. Bg2 Be7 6. O-O O-O 7. Re1 Na6 8. h4 {[%emt 0:00:22] E17: Queen's Indian: 4 g3 Bb7 5 Bg2 Be7.} d5 9. cxd5 exd5 10. Bf4 {[%emt 0:00:27] White has an edge.} c5 11. Nc3 Ne4 12. Rc1 Nxc3 13. bxc3 Nc7 {[%emt 0:00:28] [#]} 14. h5 $146 ({Predecessor:} 14. e3 Ne6 15. Bf1 c4 16. a4 Re8 17. Bh3 Bf8 18. h5 h6 19. Bg2 Bd6 20. Qc2 {½-½ Moreto Quintana,A (2448)-Krzyzanowski,W (2474) W-ch42 sf03 email 2018}) 14... Ne6 15. e3 g5 (15... Re8 $11) 16. hxg6 $14 hxg6 17. Bh3 {[%emt 0:00:46] Hoping for Bxe6.} Nxf4 18. exf4 Bc8 {Against f5} (18... Kg7 $11 {keeps the balance.}) 19. Bxc8 $16 Rxc8 {[%emt 0:00:42] [#]} 20. f5 $1 {[%emt 0:00:22] aiming for fxg6. White is more active.} cxd4 (20... Bg5 21. Rb1) 21. fxg6 fxg6 (21... dxc3 $2 22. Ne5 fxg6 23. Nxg6 $18) 22. Ne5 (22. Qd3 {simplifies} Qe8 23. cxd4 Rxc1 24. Rxc1 Bf6 25. Ne5) 22... Rf6 (22... dxc3 $2 23. Nxg6 Bg5 24. Qh5 $18) (22... Rxc3 $2 23. Qg4 Bf6 24. Qxg6+ Bg7 25. Qe6+ Kh7 26. Nd7 $18) (22... Ba3 $1 $14 23. Rc2 Rxc3) 23. Qg4 $18 (23. Qxd4 Bc5 24. Qg4 Bxf2+ 25. Kg2 Bxe1 26. Nxg6 Rc7 27. Rxe1 Rg7 $17) 23... Kg7 (23... dxc3 $2 24. Nxg6 Bc5 25. Nf4+ (25. Rxc3 Bxf2+ 26. Kg2 Rxc3 $11) 25... Kh7 26. Kg2 $18) (23... Rxc3 $2 24. Rxc3 (24. Qxd4 Rxc1 25. Rxc1 Bc5 $15 {[%mdl 64] Skewer}) 24... dxc3 25. Nxg6 $18) 24. Qh3 $2 (24. Qxd4 $2 Bc5 25. Qh4 Bxf2+ 26. Kg2 Bxe1 27. Rxe1 d4 $19) (24. cxd4 $18 Rc7 25. Qh3) 24... Rf5 (24... Rxc3 $5 25. Kg2 (25. Ng4 Rd6 $11) 25... Qh8 $11) 25. Qg4 (25. cxd4 $5 Bd6 26. Qg4 (26. Rxc8 Qxc8 27. Qg4 Bxe5 $14) 26... Bxe5 27. Rxc8 Qxc8 28. Rxe5 $14) 25... Rxe5 $2 {[%emt 0:01:23] Black is on the road to losing.} 26. Rxe5 Bf6 {[%emt 0:00:22] [#]} 27. Rxd5 {[%emt 0:01:25][%mdl 576] Deflection} Qxd5 28. Qxc8 dxc3 {[%emt 0:00:23][%mdl 4096] Endgame KQR-KQB} 29. Qc7+ Kh6 (29... Qf7 $142 30. Qxf7+ Kxf7) 30. Qf4+ $1 (30. Qxa7 Bd4 31. Rf1 (31. Qe7 Bxf2+ {[%mdl 64] Double Attack} 32. Kh2 Bd4 $11) 31... Qf3 $11) 30... Kg7 31. Qa4 Qb7 $2 (31... Qd4 {was called for.} 32. Qxa7+ Kh6) 32. Rd1 $1 {[%emt 0:00:29] Strongly threatening Rd7+.} b5 (32... Kh6 $142 33. Qg4 c2) 33. Qg4 Qc6 {[%emt 0:00:51] [#]} 34. Qd7+ $1 Qxd7 35. Rxd7+ {[%emt 0:00:21] KR-KB} Kf8 36. Rxa7 (36. Rc7 Ke8 37. Rb7 (37. Rxa7 $2 Be5 $19) 37... Be7 $11) 36... Ke8 {[%emt 0:01:08] [#]} 37. Kf1 $1 ({Wrong is} 37. Rc7 $2 Kd8 38. Rc5 Bd4 $19) 37... Bd4 38. Ra8+ ({Not} 38. Rc7 $2 Kd8 $19) 38... Kd7 39. Ke2 Bxf2 40. g4 (40. Kxf2 $2 {perishes.} c2 41. Ra7+ Kc8 42. Ra8+ Kb7 $19) 40... Bg3 41. Kd3 Be5 42. Rg8 {[%emt 0:00:28] White mates.} Ke6 43. Rxg6+ Kd5 44. g5 {[%emt 0:00:25] Weighted Error Value: White=0.13 (very precise) /Black=0.57} 1-0

[Event "Maharashtra Challenge Matches 2023"]
[Site "Nagpur"]
[Date "2023.06.05"]
[Round "7.1"]
[White "Vidit, Santosh Gujrathi"]
[Black "Peter;Svidler"]
[Result "0-1"]
[Annotator "TA"]
[ECO "B08"]
[WhiteElo "2731"]
[BlackElo "2683"]
[PlyCount "82"]
[EventDate "2023.06.03"]
[EventType "match"]
[EventCountry "IND"]
[SourceTitle "playchess.com"]
[Source "ChessBase"]
[SourceQuality "1"]
[TimeControl "900+10"]

1. d4 d6 2. e4 Nf6 3. Nc3 g6 4. Nf3 Bg7 5. Be2 O-O 6. O-O a6 7. Bg5 h6 {[%emt 0:00:31] B08: Pirc Defence: Classical System.} 8. Be3 b5 9. e5 (9. Qc1 $5 ) 9... Ng4 {[%emt 0:00:13] White is slightly better.} 10. Bf4 {[%emt 0:00:08] aiming for h3.} Nc6 {[%emt 0:00:16][%cal Rd6e5] [#]} 11. exd6 $146 ({Predecessor:} 11. Re1 b4 12. Na4 Bd7 13. c3 bxc3 14. Nxc3 Rb8 15. Bg3 dxe5 16. d5 Nd4 17. h3 Nxf3+ 18. Bxf3 {1-0 Vernay,C (2513)-Bauer,C (2650) SUI-chT Switzerland 2021 (4.1)}) 11... cxd6 12. h3 Nf6 13. d5 Na5 14. b4 {[%emt 0:00:39] [#]} (14. Qd2 $11) 14... Qc7 $1 $17 15. Nxb5 (15. Bd2 $17 {is a better defense.} Nc4 16. a4) 15... axb5 $19 16. bxa5 Bb7 (16... b4 $142 17. Rb1 Rxa5 18. Rxb4 Nxd5) 17. Nd4 $2 (17. Bd2 $17) 17... Nxd5 ({Inferior is} 17... Rxa5 18. Nxb5 Rxb5 19. Bxb5 $11) 18. Nxb5 $2 (18. Be3) 18... Qxa5 $2 (18... Qc6 $19 {and Black stays clearly on top.} 19. Bf3 Qxb5) 19. Bd2 $17 Qd8 {[%emt 0:00:55] Black has more active pieces. The white rooks are badly placed.} 20. Rb1 Rxa2 21. Bf3 {[%emt 0:00:11] Hoping for c4.} Ba8 (21... Qc8 {keeps more tension.} 22. c4 Nb6 23. Bxb7 Qxb7 24. Re1 Qc6) 22. Bxh6 Bxh6 23. Bxd5 Bxd5 24. Qxd5 Rxc2 25. Nd4 Rc5 26. Qe4 d5 27. Qe2 Bg7 28. Nf3 d4 29. Rfd1 e5 30. h4 Qd5 31. Rb4 (31. Ng5 $17) 31... Rfc8 32. Ng5 (32. h5 $142) 32... Rc2 33. Qa6 (33. Qf3 $17 Qxf3 34. gxf3) 33... f6 34. Rb5 (34. Nf3 {was worth a try.}) 34... Qc6 $40 {[%emt 0:00:11][%mdl 128] Black wants a kill.} (34... Qc4 $19 {has better winning chances.} 35. Nh3 e4) 35. Rb6 {[%emt 0:00:09] [#]} Qc4 (35... Qd7 $1 $17 36. Ne4 Qg4) 36. Qb7 $2 fxg5 $19 37. Rxg6 Qf7 38. Qe4 Qxf2+ 39. Kh1 Rc1 {[%emt 0:00:11] Black mates.} 40. Rxg7+ Kxg7 41. Qxe5+ Qf6 {[%emt 0:00:09] Weighted Error Value: White=0.72/Black=0.40} 0-1

[Event "Maharashtra Challenge Matches 2023"]
[Site "Nagpur"]
[Date "2023.06.05"]
[Round "7.1"]
[White "Short, Nigel D"]
[Black "Sadhwani, Raunak"]
[Result "0-1"]
[Annotator "TA"]
[ECO "B08"]
[WhiteElo "2597"]
[BlackElo "2627"]
[PlyCount "81"]
[EventDate "2023.06.03"]
[EventType "match"]
[EventCountry "IND"]
[SourceTitle "playchess.com"]
[Source "ChessBase"]
[SourceQuality "1"]
[TimeControl "180+2"]

1. d4 Nf6 2. Nf3 g6 3. Nc3 Bg7 4. e4 d6 5. Be2 O-O 6. O-O a6 7. a4 Nc6 8. d5 {[%emt 0:00:21] B08: Pirc Defence: Classical System.} Nb4 9. a5 e6 10. Ra4 {[%emt 0:00:20] The position is equal.} c5 11. dxc6 Nxc6 12. Bf4 e5 13. Bg5 {[%emt 0:00:01] [#]} Nxa5 $146 ({Predecessor:} 13... Be6 14. Qa1 Qc7 15. Rd1 Ne7 16. Qa3 Rad8 17. Be3 Nc8 18. Bg5 Ne7 19. Be3 Nc8 20. Bg5 {½-½ Bjerke,S (2219)-Trygstad,K (2298) NOR-chT 1112 2011 (2)}) 14. Nd5 {[%emt 0:00:02] [#] And now Bxf6 would win.} (14. Nxe5 {simplifies} dxe5 15. Qxd8 Rxd8 16. Rxa5 h6 17. Bxf6 Bxf6 18. Nd5) 14... Nc6 15. c3 Be6 16. Nxf6+ Bxf6 17. Bxf6 Qxf6 18. Qxd6 Rfd8 19. Qc5 Bb3 20. Ra3 Bc2 21. Qe3 $1 {[%emt 0:00:01] [#] Rc1 is the strong threat.} Qf4 $1 22. Qxf4 exf4 23. Bc4 Bd3 (23... Bxe4 $5 24. Bxf7+ Kf8 $15) 24. Bxd3 Rxd3 25. Re1 h6 26. Raa1 Rad8 27. h4 Kg7 28. e5 a5 29. Ra4 Rd1 {[%emt 0:00:06] next ...Rxe1+ is good for Black.} 30. Kf1 Rxe1+ 31. Kxe1 $11 {[%emt 0:00:01][%mdl 4096] Endgame KRN-KRN} Rd5 32. Rxf4 Rb5 33. b4 axb4 34. cxb4 Nxb4 {[%emt 0:00:01] White must now prevent ...Nd3+.} 35. Kd2 {[%emt 0:00:02][%cal Oe5e6] Inhibits Nd3.} Nc6 $1 36. Kc3 ({White should play} 36. Re4 $15) 36... Rc5+ (36... Nxe5 $17 37. Nxe5 Rxe5) 37. Rc4 $15 Ra5 38. Re4 Ra2 39. e6 fxe6 40. Rxe6 Rxf2 41. Nd4 $2 {[%emt 0:00:07] Weighted Error Value: White=0.09 (flawless) /Black=0.05 (flawless)} (41. Ne1 $17) 0-1

[Event "Maharashtra Challenge Matches 2023"]
[Site "Nagpur"]
[Date "2023.06.05"]
[Round "8.1"]
[White "Peter, Svidler"]
[Black "Vidit, Santosh Gujrathi"]
[Result "1-0"]
[Annotator "TA"]
[ECO "A28"]
[WhiteElo "2683"]
[BlackElo "2731"]
[PlyCount "102"]
[EventDate "2023.06.03"]
[EventType "match"]
[EventCountry "IND"]
[SourceTitle "playchess.com"]
[Source "ChessBase"]
[SourceQuality "1"]
[TimeControl "180+2"]

1. c4 Nf6 2. Nc3 e5 3. Nf3 Nc6 4. d3 d5 5. cxd5 Nxd5 6. e4 Nb6 {[%emt 0:00:11] A28: English Opening: Four Knights Variation.} 7. Be2 Be7 8. O-O O-O {[%emt 0:00:01] The position is equal.} 9. Be3 Be6 10. Rc1 Bf6 11. Na4 Nxa4 12. Qxa4 Qd7 {[%emt 0:00:06] [#]} 13. Qb5 $146 ({Predecessor:} 13. b3 Rfd8 14. h3 a5 15. Rfd1 Qe7 16. Bc5 Qd7 17. Rd2 h6 18. Be3 Qe7 19. Bc5 Qd7 20. Be3 Qe7 {½-½ Kruse,H (2386)-De Vassal,T (2406) FICGS W-ch qf2 email 2013 (4)}) 13... Rab8 14. a3 a6 15. Qc5 Rfd8 16. h3 Rbc8 17. b4 h6 (17... Be7 $5 18. Qc2 Nd4 19. Nxd4 exd4 $11) 18. Rfd1 Bb3 19. Rd2 Ba4 20. Nh2 Qd6 21. Bg4 Ra8 22. Nf3 Bb5 (22... Qxc5 $11 {keeps the balance.} 23. Rxc5 Bb5) 23. Qc2 $16 {[%emt 0:00:04] Threatens to win with Bc5.} Qf8 (23... Bxd3 $2 24. Qb3 $18) (23... b6 $16) 24. Qb3 Qe8 25. a4 Nd4 {[%emt 0:00:02] [#]} 26. Bxd4 Bxa4 27. Qa2 exd4 28. Rxc7 Bc6 29. Rxf7 {[%emt 0:00:05] White has more active pieces.} Bd5 $2 (29... Qxf7 $2 30. Be6 Rf8 31. Bxf7+ Rxf7 32. b5 Bxb5 33. e5 $18) (29... Kh8 $16) 30. exd5 $18 (30. Rxg7+ Kxg7 31. exd5 a5 $14) 30... Kxf7 {[%emt 0:00:01] Black is weak on the light squares} 31. Re2 Qb5 32. d6+ Kf8 33. Re6 $2 (33. Qe6 Re8 34. Qa2 Rxe2 35. Qxe2 h5 $15) (33. Nxd4 $18 Rdb8 34. Nxb5 axb5 35. Qd5) 33... Rac8 $2 (33... Qxd3 $2 34. Re7 Qg6 35. Bf5 $18 (35. Rxb7 Rxd6 36. b5 Qe8 $15)) (33... Re8 $16) 34. g3 {[%emt 0:00:07][%cal Of3d4] Nxd4! is the strong threat.} (34. Re1 Rc6 $16) 34... Rc1+ 35. Kh2 {[%emt 0:00:01][%cal Oe6f6] Strongly threatening Rxf6+!} Qc6 {[%emt 0:00:02] [#]} 36. d7 $1 Qc2 (36... Rc2 37. Qb3) 37. Qxc2 (37. Re8+ {mates} Rxe8 38. Qg8+ {[%mdl 64] Skewer, Promotion} Kxg8 39. dxe8=Q+ (39. dxe8=R+ $2 Kh7 $19) 39... Kh7 40. Bf5+ g6 41. Qxg6+ Kh8 42. Qh7#) 37... Rxc2 $11 38. Bh5 {[%emt 0:00:01] Intending Re8+ and mate.} g6 $2 (38... Rxd7 $2 39. Re8#) (38... Rxf2+ $2 39. Kg1 g6 40. Kxf2 $18) (38... Be7 $11 {and Black stays safe.}) 39. Rxf6+ $18 Ke7 40. Rxg6 Rxf2+ 41. Kg1 Rb2 42. Rg7+ (42. Nxd4 Rxd7 43. Re6+ Kd8 $18) 42... Kd6 43. Bg4 (43. Nxd4 Rxd7 44. Rg8 Rxb4 $16) 43... Rxb4 44. Rg6+ Kc7 45. Ne5 Rf8 46. h4 $1 (46. Rxh6 Rb1+ 47. Kg2 Rb2+ 48. Kg1 Rb1+ 49. Kg2 Rb2+ 50. Kg1 Rb1+ $11) 46... a5 47. Be6 $2 (47. Rxh6 Rb1+ 48. Kg2) 47... a4 $2 (47... Rb6 48. Nf7 (48. Rxh6 a4 $14) 48... Rxf7 49. Bxf7 Rxg6 50. Bxg6 Kxd7) 48. Nf7 {[%emt 0:00:01] White is clearly winning.} (48. Rxh6 Rb6 $11) 48... a3 49. d8=Q+ (49. Nxh6 Rb1+ 50. Kg2 Rb2+ 51. Kh3 a2 52. Bxa2 Rxa2 $11) (49. d8=N Rb2 50. Bd5 (50. Rxh6 Rg8 $11) 50... Rxd8 51. Nxd8 Kxd8 52. Rxh6 a2 53. Bxa2 Rxa2 54. Rd6+ Ke8 55. Rxd4 Kf8 $18) 49... Rxd8 50. Nxd8 ({Stronger than} 50. Rxh6 Re8 51. Ng5 Rb2 $17) ({Avoid the trap} 50. Nxh6 $2 Rd6 51. Rg7+ Kb6 $19) 50... Kxd8 51. Rxh6 Rb2 {[%emt 0:00:04] Weighted Error Value: White=0.73/Black=0.62} 1-0

[Event "Maharashtra Challenge Matches 2023"]
[Site "Nagpur"]
[Date "2023.06.05"]
[Round "8.1"]
[White "Svidler, Peter"]
[Black "Vidit, Santosh Gujrathi"]
[Result "1-0"]
[Annotator "TA"]
[ECO "A28"]
[WhiteElo "2683"]
[BlackElo "2731"]
[PlyCount "102"]
[EventDate "2023.06.03"]
[EventType "match"]
[EventCountry "IND"]
[SourceTitle "playchess.com"]
[Source "ChessBase"]
[SourceQuality "1"]
[TimeControl "180+2"]

1. c4 Nf6 2. Nc3 e5 3. Nf3 Nc6 4. d3 d5 5. cxd5 Nxd5 6. e4 Nb6 {[%emt 0:00:11] A28: English Opening: Four Knights Variation.} 7. Be2 Be7 8. O-O O-O {[%emt 0:00:01] The position is equal.} 9. Be3 Be6 10. Rc1 Bf6 11. Na4 Nxa4 12. Qxa4 Qd7 {[%emt 0:00:06] [#]} 13. Qb5 $146 ({Predecessor:} 13. b3 Rfd8 14. h3 a5 15. Rfd1 Qe7 16. Bc5 Qd7 17. Rd2 h6 18. Be3 Qe7 19. Bc5 Qd7 20. Be3 Qe7 {½-½ Kruse,H (2386)-De Vassal,T (2406) FICGS W-ch qf2 email 2013 (4)}) 13... Rab8 14. a3 a6 15. Qc5 Rfd8 16. h3 Rbc8 17. b4 h6 18. Rfd1 Bb3 19. Rd2 Ba4 20. Nh2 Qd6 21. Bg4 {[%emt 0:00:07] aiming for Qxd6.} Ra8 22. Nf3 Bb5 (22... Qxc5 $15 {keeps the upper hand.} 23. Rxc5 Bb5) 23. Qc2 $16 {[%emt 0:00:04] Black must now prevent Bc5.} Qf8 (23... Bxd3 $2 24. Qb3 $18) (23... Nd4 $16 24. Bxd4 (24. Qxc7 Nb3 $17) 24... exd4) 24. Qb3 (24. a4 $1 $18) 24... Qe8 25. a4 {[%emt 0:00:10] White is much more active.} Nd4 26. Bxd4 Bxa4 27. Qa2 {Threatens to win with Bb2.} exd4 28. Rxc7 Bc6 {[%emt 0:00:14] [#]} 29. Rxf7 $1 Bd5 $2 (29... Qxf7 $2 30. Be6 Rf8 31. Bxf7+ Rxf7 32. b5 Bxb5 33. e5 $18) (29... Kh8) 30. exd5 $18 (30. Rxg7+ Kxg7 31. exd5 a5 $16) 30... Kxf7 {[%emt 0:00:01] Black is weak on the light squares} 31. Re2 Qb5 32. d6+ Kf8 33. Re6 $2 (33. Qe6 Re8 34. Qa2 Rxe2 35. Qxe2 h5 $11) (33. Nxd4 $18 {is the precise move to win.} Bxd4 34. Re7) 33... Rac8 $2 (33... Qxd3 $2 34. Re7 Qg6 35. Bf5 $18 (35. Rxb7 Rxd6 36. Be6 Be7 $15)) (33... Re8 $16) 34. g3 {[%emt 0:00:07][%cal Of3d4] And now Nxd4! would win.} (34. Re1 Rc6 $14) 34... Rc1+ (34... Qxb4 35. Bh5 Rd7 36. Qe2 Rf7 37. d7 Rc1+ 38. Kg2 g6 39. Rxf6) (34... Qxd3 $142 35. Rxf6+ {[%mdl 64] Discovered Attack} gxf6) 35. Kh2 {[%emt 0:00:01][%cal Oe6f6] Strongly threatening Rxf6+!} Qc6 {[%emt 0:00:02] [#]} 36. d7 $1 Qc2 (36... Rc2 37. Qb3) 37. Qxc2 (37. Re8+ {mates} Rxe8 38. Qg8+ {[%mdl 64] Skewer, Promotion} Kxg8 39. dxe8=Q+ (39. dxe8=R+ $2 Kh7 $19) 39... Kh7 40. Bf5+ g6 41. Qxg6+ Kh8 42. Qh7#) 37... Rxc2 $11 38. Bh5 {[%emt 0:00:01] White threatens Re8+ and mate.} g6 $2 (38... Rxd7 $2 39. Re8#) (38... Rxf2+ $2 39. Kg1 g6 40. Rxf6+ Ke7 41. Rxg6 $18) (38... Be7 $11) 39. Rxf6+ $18 Ke7 40. Rxg6 Rxf2+ 41. Kg1 Rb2 42. Rg7+ (42. Nxd4 Rxd7 43. Re6+ Kd8 $18) 42... Kd6 43. Bg4 (43. Nxd4 Rxd7 44. Rg6+ Kc7 45. Ne6+ Kb8 $16) 43... Rxb4 44. Rg6+ Kc7 45. Ne5 Rf8 46. h4 $1 (46. Rxh6 Rb1+ 47. Kg2 Rb2+ 48. Kg1 Rb1+ 49. Kg2 Rb2+ 50. Kg1 Rb1+ $11) 46... a5 47. Be6 $2 (47. Rxh6 Rb1+ 48. Kg2) 47... a4 $2 {[%emt 0:00:02] [#]} (47... Rb6 48. Nf7 (48. Rxh6 a4 $14) 48... Rxf7 49. Bxf7 Rxg6 50. Bxg6 Kxd7) 48. Nf7 $1 {[%emt 0:00:01] White is clearly winning.} (48. Rxh6 Rb6 $11) 48... a3 49. d8=Q+ (49. Nxh6 Rb1+ 50. Kh2 Rb2+ 51. Kh3 a2 52. Bxa2 Rxa2 $11) 49... Rxd8 50. Nxd8 ({Worse is} 50. Rxh6 Re8 51. Ng5 Rb2 $17) ({But not} 50. Nxh6 $2 Rd6 51. Rg7+ Kb6 $19) 50... Kxd8 51. Rxh6 Rb2 {[%emt 0:00:04] An exciting game.   Weighted Error Value: White=0.79/Black=0.62} 1-0

[Event "Maharashtra Challenge Matches 2023"]
[Site "Nagpur"]
[Date "2023.06.05"]
[Round "8.1"]
[White "Sadhwani, Raunak"]
[Black "Sadwhani, Raunak"]
[Result "1-0"]
[Annotator "TA"]
[ECO "E10"]
[WhiteElo "2627"]
[BlackElo "2627"]
[PlyCount "53"]
[EventDate "2023.06.03"]
[EventType "match"]
[EventCountry "IND"]
[SourceTitle "playchess.com"]
[Source "ChessBase"]
[SourceQuality "1"]
[TimeControl "180+2"]

1. d4 Nf6 2. c4 e6 3. Nf3 d5 4. g3 Bb4+ 5. Bd2 Be7 6. Bg2 O-O 7. O-O Nbd7 8. Qc2 c6 9. Rd1 a5 {[%emt 0:00:08] E11: Bogo-Indian.} 10. b3 Ne4 11. Be1 f5 {[%emt 0:00:03] [#] The position is equal.} 12. Nc3 $146 ({Predecessor:} 12. e3 Bd6 13. Nc3 g5 14. cxd5 exd5 15. Ne2 Qe7 16. Nc1 f4 17. exf4 gxf4 18. Nd3 {0-1 Bunda,V (2262)-Omelja,A (2442) SVK-chT1E 1920 2019 (4.2)}) 12... Qe8 13. a3 Qh5 14. e3 g5 15. Ne5 Nxe5 16. dxe5 Nxc3 17. Bxc3 f4 18. e4 dxc4 19. bxc4 f3 (19... b6 $5) 20. Bf1 c5 (20... Qg6 $5) 21. Rab1 Ra6 22. Rb5 (22. Rd3 $14) 22... b6 $1 $11 23. Rbb1 Rd8 (23... Qe8 $11 {remains equal.}) 24. h3 (24. Rxd8+ $16 Bxd8 25. Rd1) 24... g4 $2 (24... Bd7 $1 $11 {and Black stays safe.}) 25. Qa4 (25. Rxd8+ $18 {has better winning chances.} Bxd8 26. hxg4) 25... gxh3 $2 {[%emt 0:00:16][%mdl 8192] [#]} (25... Rxd1 $2 26. Rxd1 Kf8 27. hxg4 $18) (25... Rf8 $16) 26. Rxd8+ $1 $18 ({Not} 26. Kh2 Rf8 27. Bxh3 (27. Qc6 Qe8 $16) 27... Kh8 $16) 26... Bxd8 {[%emt 0:00:01] [#]} 27. Qc6 $1 {[%emt 0:00:02] Weighted Error Value: White=0.31/Black=0.39} 1-0

[Event "Maharashtra Challenge Matches 2023"]
[Site "Nagpur"]
[Date "2023.06.05"]
[Round "8.1"]
[White "Sadhwani, Raunak"]
[Black "Short, Nigel D"]
[Result "1-0"]
[Annotator "TA"]
[ECO "E10"]
[WhiteElo "2627"]
[BlackElo "2597"]
[PlyCount "53"]
[EventDate "2023.06.03"]
[EventType "match"]
[EventCountry "IND"]
[SourceTitle "playchess.com"]
[Source "ChessBase"]
[SourceQuality "1"]
[TimeControl "180+2"]

1. d4 Nf6 2. c4 e6 3. Nf3 d5 4. g3 Bb4+ 5. Bd2 Be7 6. Bg2 O-O 7. O-O Nbd7 8. Qc2 c6 9. Rd1 a5 {[%emt 0:00:08] E11: Bogo-Indian.} 10. b3 Ne4 11. Be1 (11. Be3 $5) 11... f5 {[%emt 0:00:03] [#] The position is equal.} 12. Nc3 $146 ({Predecessor:} 12. e3 Bd6 13. Nc3 g5 14. cxd5 exd5 15. Ne2 Qe7 16. Nc1 f4 17. exf4 gxf4 18. Nd3 {0-1 Bunda,V (2262)-Omelja,A (2442) SVK-chT1E 1920 2019 (4.2)}) 12... Qe8 13. a3 Qh5 14. e3 g5 15. Ne5 (15. b4 {is interesting.} g4 16. Ne5 Bd6 17. Nxe4 fxe4 18. Nxd7 Bxd7 19. bxa5 Rf6 20. Qb2) 15... Nxe5 (15... Nxc3 {simplifies} 16. Qxc3 Nxe5 17. dxe5 Rd8) 16. dxe5 Nxc3 17. Bxc3 f4 18. e4 dxc4 19. bxc4 f3 (19... b6 $5) 20. Bf1 c5 21. Rab1 Ra6 22. Rb5 $36 {[%emt 0:00:23][%mdl 2048] White has some pressure.} b6 $1 23. Rbb1 Rd8 (23... Qe8 $11 {keeps the balance.}) 24. h3 (24. Rxd8+ $16 Bxd8 25. Rd1) 24... g4 $2 (24... Bd7 $1 $11) 25. Qa4 (25. Rxd8+ $18 {is more deadly.} Bxd8 26. hxg4) 25... gxh3 $2 {[%emt 0:00:16][%mdl 8192] [#]} (25... Rxd1 $2 26. Rxd1 Kf8 27. hxg4 $18) (25... Rf8 $16) 26. Rxd8+ $1 $18 ({Not} 26. Kh2 Rf8 $16) 26... Bxd8 {[%emt 0:00:01] [#]} 27. Qc6 $1 {[%emt 0:00:02] Weighted Error Value: White=0.26 (precise) /Black=0.35} 1-0